 Dungeon Crawl Stone Soup version 0.31-a0-96-g196d5507e3 (webtiles) character file.

Game seed: 3376891123450386039

422 Colgate the Grave Robber (level 7, -1/50 HPs)
             Began as a Meteoran Necromancer on May 26, 2023.
             Slain by a kobold brigand
             ... wielding a +0 club
              (3 damage)
             ... on level 6 of the Dungeon.
             The game lasted 00:14:20 (823 turns).

Colgate the Grave Robber (Meteoran Necromancer)      Turns: 823, Time: 00:14:20

Health: -1/50      AC:  2    Str:  9    XL:     7   Next: 40%
Magic:  16/17      EV: 12    Int: 18    God:
Gold:   91         SH:  0    Dex: 16    Spells: 10/18 levels left

rFire   . . .        a - +0 falchion
rCold   . . .        (no shield)
rNeg    . . .        h - +0 robe
rPois   .            (no helmet)
rElec   .            (no cloak)
rCorr   .            (no gloves)
SInv    .            (no boots)
Will    .....        (no amulet)
Stlth   +            (no ring)
HPRegen 0.28/turn    (no ring)
MPRegen 0.15/turn

%: no passive effects
@: glowing
A: sense surroundings 1, otherworldly, glowing, explore regen
a: no special abilities


You were on level 6 of the Dungeon.
You visited 1 branch of the dungeon, and saw 6 of its levels.
You also visited: Ossuary.

You collected 91 gold pieces.

Inventory:

Hand Weapons
 a - a +0 falchion (weapon)
 d - a +0 whip
 e - a +0 flail
Armour
 g - a +2 ring mail of positive energy
 h - a +0 robe (worn)
 j - the +1 leather armour of the Invisible Hand {Str+3}
   (You found it on level 3 of the Dungeon)

   Str:       It affects your strength (+3).
Wands
 i - a wand of polymorph (1)
Scrolls
 f - 3 scrolls of identify {unknown}
 l - a scroll of teleportation {unknown}
 m - a scroll of fear {unknown}
Potions
 b - a potion of magic
 c - a potion of lignification
 k - 2 potions of curing {@q1}


   Skills:
 - Level 2.4 Dodging
 - Level 1.4 Stealth
 + Level 6.1 Spellcasting
 - Level 7.2 Necromancy


You had 10 spell levels left.
You knew the following spells:

 Your Spells              Type           Power      Damage    Failure   Level
a - Necrotise             Necr           100%       1d9       1%          1
b - Vampiric Draining     Necr           31%        2d8       1%          3
c - Animate Dead          Necr           31%        N/A       6%          4

Your spell library contained the following spells:

 Spells                   Type           Power      Damage    Failure   Level
 Sandblast                Erth           10%        2d5       12%         1
 Agony                    Necr           31%        N/A       17%         5
 Passwall                 Tmut/Erth      1%         N/A       24%         2
 Stone Arrow              Conj/Erth      4%         3d7       43%         3


Dungeon Overview and Level Annotations

Branches:
Dungeon (5/15) Zot: 2769   Temple (0/1) D:5         Ossuary (visited)

Altars:
Elyvilon
Wu Jian

Annotations:
D:3 XLT alttari


Innate Abilities, Weirdness & Mutations

You passively map a small area around you.
You are easily found by Zot.
You glow in the dark.
You regain HP and MP as you explore.


Message History

A kobold brigand comes into view.
It is wielding a +0 club and quivering poisoned darts.
Your kobold zombie closely misses the orc.
Aiming: Polymorph Nothing appears to happen.
Something hits you.
The orc throws a silver boomerang.
The silver boomerang closely misses you.
Your kobold zombie closely misses the orc.
You barely miss something. Something hits you but does no damage.
The orc hits your kobold zombie with a +0 hand axe!
Your kobold zombie is destroyed!
The kobold brigand throws a poisoned dart.
The poisoned dart hits you!
You are poisoned.
Something hits you.
You barely miss something.
You feel very sick. Something hits you. The orc hits you with a +0 hand axe.
You miss something.
You feel sick.
A scorpion comes into view.
Something hits you but does no damage. The orc barely misses you.
The scorpion moves out of view.
You hit something.
You feel sick. Something hits you. The orc barely misses you.
Something hits you. The orc hits you with a +0 hand axe.
You miss something.
You feel sick. Something hits you.
* * * LOW HITPOINT WARNING * * *
The orc barely misses you.
You hit something.
You feel sick. Something hits you.
* * * LOW HITPOINT WARNING * * *
The orc completely misses you.
You closely miss something.
You feel sick.
You are no longer poisoned.
The kobold brigand hits you with a +0 club.
* * * LOW HITPOINT WARNING * * *
Something hits you.
* * * LOW HITPOINT WARNING * * *
The orc hits you with a +0 hand axe.
* * * LOW HITPOINT WARNING * * *
The kobold brigand hits you with a +0 club.
You die...

* *
.####.#..###.,
, ,
..#........# *
, , ,
#.#.#.#.#..#
##.#........#
* , , ,
....#.#.#..# ,
,,
#.#)....$..# ,
, #.#K#o#.#.#
* #...@{o...#
* *,*,
#.#####..## *
.#.#.###.## *
# ,
..........# *
###..###...# ,
, # * *.....#
*.#.#.# , *
#[....# ,
*..#.#... *


You could see a kobold brigand and 2 orcs.

Vanquished Creatures
  An ogre (D:4)
  A scorpion (D:4)
  A hound (D:5)
  Ijyb (D:3)
  3 orc wizards
  Natasha (D:2)
  7 adders
  8 orcs
  5 ball pythons
  3 goblins (D:2)
  4 jackals (D:4)
  2 quokkas
  A bat (D:3)
  A frilled lizard (D:1)
  4 kobolds
  2 rats
45 creatures vanquished.

Vanquished Creatures (collateral kills)
  An adder (D:4)
  An orc (D:4)
  A ball python (D:4)
  A hobgoblin (D:4)
  A rat (D:2)
5 creatures vanquished.

Vanquished Creatures (others)
  4 jackal zombies (D:4)
  A kobold zombie (D:6)
  An orc zombie (D:4)
6 creatures vanquished.

Grand Total: 56 creatures vanquished

Notes
Turn   | Place    | Note
-------+----------+-------------------------------------------
     0 | D:1      | Colgate the Meteoran Necromancer began the quest for the
                  | Orb.
     0 | D:1      | Reached XP level 1. HP: 14/14 MP: 5/5
    38 | D:2      | Reached XP level 2. HP: 20/20 MP: 1/7
    60 | D:2      | Reached XP level 3. HP: 25/26 MP: 1/9
    67 | D:2      | Learned a level 3 spell: Vampiric Draining
   115 | D:2      | Noticed Natasha
   119 | D:2      | Killed Natasha
   120 | D:2      | Reached skill level 5 in Spellcasting
   120 | D:2      | Reached XP level 4. HP: 33/33 MP: 9/12
   164 | D:2      | Reached XP level 5. HP: 27/38 MP: 5/13
   196 | D:3      | Reached skill level 5 in Necromancy
   241 | D:3      | Noticed Ijyb
   248 | D:3      | Killed Ijyb
   268 | D:3      | Learned a level 4 spell: Animate Dead
   298 | D:3      | Found a white marble altar of Elyvilon.
   298 | D:3      | Found an ornate altar of the Wu Jian Council.
   326 | D:3      | Identified the +1 leather armour of the Invisible Hand
                  | {Str+3}
   377 | D:4      | Reached skill level 6 in Necromancy
   377 | D:4      | Reached XP level 6. HP: 18/45 MP: 3/14
   418 | D:5      | Entered Level 5 of the Dungeon
   488 | D:4      | Noticed an ogre
   496 | D:4      | Killed an ogre
   497 | D:4      | Reached skill level 7 in Necromancy
   497 | D:4      | Reached XP level 7. HP: 50/50 MP: 0/15
   577 | D:4      | Found a sand-covered staircase.
   583 | Ossuary  | Entered an ossuary
   612 | D:3      | Found a faded altar of an unknown god.
   792 | D:5      | Found a staircase to the Ecumenical Temple.
   795 | D:5      | You fall into a shaft and drop 1 floor!
   823 | D:6      | HP: 2/50 [orc/+0 hand axe (6)]
   823 | D:6      | Slain by a kobold brigand

Illustrated notes

Levels and vault maps discovered:
D:1:      beargit_arrival_greenhouse, layout_basic, minmay_liquid_box,
          minmay_tromino_v2
D:2:      minmay_inner_zag, layout_loops_cross, uniq_natasha, uniq_robin
D:3:      layout_loops_ring, nicolae_overflow_two_pavilions,
          basic_ecumenical_altar, minmay_pentomino_pile, uniq_ijyb
D:4:      layout_loops_ring, nicolae_ossuary_entry_plus
D:5:      layout_basic, minmay_temple_entry_sparse_star,
          dreamdust_princess_corridor
D:6:      layout_loops_ring, serial_glass, glass_columns_a, glass_columns_a,
          glass_columns_a, glass_columns_c, glass_columns_a, glass_columns_b,
          due_unseen_surprise, serial_park_tiny_2, nicolae_shop_gadgets

Skill      XL: |  1  2  3  4  5  6  7 |
---------------+----------------------+-----
Spellcasting   | 3 4 5 6 |  6.1
Necromancy     | 6 7 |  7.2
Dodging        | |  2.4
Stealth        | |  1.4

Action                     |  1- 3 |  4- 6 |  7- 9 || total
---------------------------+-------+-------+-------++-------
  Melee: Whip              |       |     6 |       ||     6
         Flail             |       |     7 |       ||     7
         Falchion          |       |    23 |    25 ||    48
         Unarmed           |       |     8 |       ||     8
   Cast: Necrotise         |    21 |    28 |    14 ||    63
         Vampiric Draining |     1 |    15 |     3 ||    19
         Animate Dead      |       |     2 |     1 ||     3
  Evoke: Wand              |       |       |     4 ||     4
    Use: Potion            |       |     1 |       ||     1
 Armour: Robe              |       |    12 |     9 ||    21
         Skin              |       |     9 |       ||     9
  Dodge: Dodged            |     3 |    32 |    24 ||    59

Table legend: (Time is in decaauts)
 A = Elapsed time spent in this place.
 B = Non-inter-level travel time spent in this place.
 C = Inter-level travel time spent in this place.
 D = Time resting spent in this place.
 E = Time spent auto-exploring this place.
 F = Levels seen in this place.
 G = Mean time per level.
                   A        B        C        D        E       F      G
               +--------+--------+--------+--------+--------+-----+--------+
         Total |    838 |    838 |      0 |      0 |      0 |   7 |  119.7 |
       Dungeon |    828 |    828 |      0 |      0 |      0 |   6 |  138.0 |
       Ossuary |     10 |     10 |      0 |      0 |      0 |   1 |   10.0 |
               +--------+--------+--------+--------+--------+-----+--------+

Top non-repeatable levels by time:
     D:4: 250 daAuts
     D:3: 221 daAuts
     D:2: 166 daAuts
     D:5: 135 daAuts
     D:6: 30 daAuts
     D:1: 25 daAuts
 Ossuary: 10 daAuts
